Map: Emerald City LE

Players

NecronLord - Winner!

  • Race: Protoss Protoss
  • League: Diamond
  • Spawn Location: 5:00

MotorBoater - Winner!

  • Race: Terran Terran
  • Spawn Location: 5:00

OpuS

  • Race: Protoss Protoss
  • League: Diamond
  • Spawn Location: 11:00

Sketchaphone

  • Race: Zerg Zerg
  • League: Gold
  • Spawn Location: 11:00

VOD

Have the link to the VOD?

Description

Time

  • Played on: Jan. 10, 2019, 8:35 p.m.
  • Length: 27:46
Show
View Real Time Build Order
Export as new Build Order

NecronLord Protoss - Winner!

Build Orders: Oracle Opening 

Get SALT Encoding   

  12  0:00  Probe  
  13  0:12  Probe  
  14  0:20  Pylon  
  14  0:25  Probe  
  15  0:38  Probe  
  15  0:39  Gateway  
  16  0:50  Probe  
  17  0:59  Assimilator  
  17  1:02  Probe  
  18  1:13  Assimilator  
  18  1:14  Probe  
  19  1:26  Probe  
  19  1:30  Cybernetics Core  
  20  1:33  Pylon  
  20  1:38  Probe  
  21  1:47  Zealot  
  21  1:51  Probe  
  24  1:59  Probe  
  24  2:06  Stargate  
  24  2:07  Probe  
  26  2:18  Probe  
  27  2:26  Warp Gate  
  27  2:30  Probe  
  28  2:40  Nexus  
  28  2:42  Oracle  
  29  2:56  Pylon  
  31  3:14  Gateway x2  
  31  3:23  Probe  
  32  3:32  Gateway  
  32  3:35  Probe  
  32  3:37  Gateway  
  33  3:43  Probe  
  34  3:54  Probe  
  34  3:56  Probe  
  34  4:04  Probe  
  34  4:06  Probe  
  36  4:12  Pylon  
  36  4:13  Probe  
  36  4:14  Assimilator  
  36  4:16  Assimilator  
  37  4:18  Probe  
  37  4:24  Twilight Council  
  38  4:25  Probe  
  38  4:30  Probe  
  40  4:36  Probe  
  41  4:44  Probe  
  42  4:45  Probe  
  42  4:52  Zealot x4, Probe  
  51  4:57  Probe, Charge  
  51  4:59  Phoenix  
  55  5:06  Templar Archives  
  55  5:09  Probe  
  55  5:12  Probe  
  57  5:23  Probe  
  58  5:32  Zealot  
  58  5:33  Zealot  
  62  5:38  Pylon  
  62  5:40  Pylon  
  62  5:42  Zealot  
  62  5:48  Zealot  
  57  5:59  Zealot x3  
  63  6:08  Stalker  
  63  6:09  Pylon  
  63  6:17  Stalker  
  45  6:27  Zealot x3  
  49  6:40  Zealot x2  
  51  6:59  Psionic Storm  
  51  7:01  Nexus  
  51  7:05  Probe  
  51  7:07  High Templar  
  54  7:19  High Templar  
  56  7:32  High Templar x2  
  56  7:33  Pylon  
  60  7:48  Probe  
  58  7:54  High Templar x3  
  64  8:00  Forge  
  64  8:01  Forge  
  64  8:20  Assimilator  
  64  8:21  Zealot x2  
  64  8:26  High Templar  
  64  8:27  High Templar  
  72  8:30  Archon  
  72  8:55  Zealot x3  
  76  9:12  High Templar x2  
  76  9:31  Archon  
  76  9:53  Nexus  
  76  9:55  Pylon  
  76  9:58  Assimilator  
  76  10:01  Robotics Facility  
  76  10:02  Assimilator  
  76  10:07  Zealot x5  
  76  10:09  Protoss Ground Weapons Level 1, Protoss Ground Armor Level 1  
  86  10:19  Gateway  
  86  10:20  Gateway  
  86  10:21  Gateway  
  86  10:24  Gateway  
  86  10:25  Gateway  
  86  10:27  Gateway  
  86  10:41  Observer  
  87  10:59  High Templar x2  
  87  11:01  Zealot x3  
  87  11:02  Probe  
  97  11:05  Archon  
  97  11:10  Probe  
  98  11:13  Probe  
  100  11:20  Probe  
  89  11:35  Protoss Ground Armor Level 2  
  83  11:45  Protoss Ground Weapons Level 2  
  81  11:47  Zealot x2  
  81  11:48  Zealot x7  
  99  11:54  Probe  
  99  11:58  Probe  
  99  11:59  Probe  
  102  12:02  Probe  
  103  12:10  Probe  
  103  12:11  High Templar x2, Robotics Bay  
  103  12:12  High Templar x2  
  103  12:14  Observer  
  113  12:18  Archon  
  113  12:19  Archon  
  113  12:39  Zealot x2  
  113  12:43  Pylon  
  117  12:45  Pylon  
  117  12:46  Pylon  
  117  12:59  Colossus  
  123  13:17  Zealot x2  
  123  13:18  Zealot x7  
  141  13:34  Pylon x2  
  141  13:36  Pylon, Protoss Ground Armor Level 3  
  141  13:42  Protoss Ground Weapons Level 3  
  141  13:44  Colossus  
  141  13:52  Probe x3  
  150  13:58  Extended Thermal Lance  
  150  14:04  Probe  
  150  14:05  Observer  
  149  14:16  Zealot, Probe  
  150  14:17  Zealot x4  
  154  14:31  High Templar x2  
  154  14:32  High Templar x3  
  110  15:13  Archon  
  104  15:15  Archon  
  104  15:17  Colossus  
  104  15:18  Archon  
  104  15:20  Zealot x3  
  104  15:21  Zealot x6  
  108  15:28  Robotics Facility  
  114  15:47  Zealot x3  
  114  15:48  Zealot x3  
  118  15:58  Protoss Shields Level 1  
  118  16:07  Zealot x7  
  118  16:10  Colossus, High Templar x3  
  118  16:11  High Templar  
  140  16:14  Archon x2  
  140  16:19  Colossus  
  150  16:56  High Templar x7  
  164  17:04  Archon x2  
  164  17:05  Archon  
  164  17:06  Pylon  
  164  17:13  Pylon  
  164  17:24  Nexus  
  164  17:32  Colossus  
  164  17:34  Colossus  
  176  17:42  High Templar x2  
  180  17:46  Archon  
  180  17:50  Pylon  
  180  17:53  Pylon  
  180  17:54  Pylon  
  179  18:11  Zealot x4  
  179  18:12  Zealot x2  
  152  18:55  Assimilator  
  152  19:00  Assimilator  
  129  19:32  Photon Cannon  
  118  19:55  Pylon  
  118  20:06  Probe  
  118  20:07  High Templar x8  
  118  20:08  High Templar  
  137  20:14  Probe  
  137  20:19  Archon x2  
  138  20:30  Zealot  
  138  20:31  Zealot  
  108  20:50  Zealot x4  
  108  20:52  Probe x2  
  96  21:08  Archon x4, Probe  
  90  21:13  Probe x2  
  90  21:14  Probe  
  90  21:16  Probe  
  94  21:24  Assimilator  
  95  21:27  High Templar x5  
  95  21:28  High Templar x2  
  109  21:35  Nexus  
  109  21:46  Dark Shrine  
  107  22:12  Zealot  
  107  22:13  Zealot x5  
  119  22:16  Probe  
  120  22:24  Pylon, Probe  
  121  22:34  Zealot x2, Probe  
  122  22:46  Probe  
  122  22:48  High Templar x4  
  122  22:49  High Templar x2  
  122  22:50  Probe  
  136  22:53  Assimilator  
  136  22:54  Probe  
  136  22:56  Assimilator  
  133  23:17  Zealot x3, Archon x3  
  133  23:18  Probe  
  140  23:21  Probe  
  140  23:26  Probe, Photon Cannon  
  142  23:30  Probe  
  133  23:36  Archon  
  133  23:37  Archon x2  
  115  23:42  Probe  
  115  23:45  Colossus x2  
  115  23:48  Zealot x5  
  114  23:49  High Templar x3, Protoss Shields Level 2  
  114  23:53  Observer  
  118  24:00  Probe  
  118  24:02  Dark Templar x2  
  128  24:03  Probe  
  128  24:04  Probe  
  128  24:08  Probe  
  130  24:27  Zealot x7  
  130  24:28  Zealot x2  
  148  24:47  Zealot  
  148  24:48  Zealot x6  
  162  25:03  Nexus  
  160  25:12  High Templar x3  
  160  25:13  High Templar x6  
  175  25:25  Photon Cannon  
  175  25:27  Photon Cannon  
  168  25:44  Probe  
  168  25:45  Pylon  
  169  25:52  Probe  
  169  25:53  Probe x3  
  173  25:57  Dark Templar  
  175  26:14  Colossus x2  
  185  26:33  High Templar  
  187  26:44  Archon  
  187  26:45  Archon  
  187  26:46  Zealot  
  187  26:47  Zealot x5  
  199  26:54  Assimilator  
  199  26:55  Assimilator  
  199  27:19  Zealot x2  
  188  27:39  Zealot  
  188  27:40  Zealot x2  
Show
View Real Time Build Order
Export as new Build Order

MotorBoater Terran - Winner!

Build Orders:  

Get SALT Encoding   

  12  0:00  SCV  
  13  0:12  SCV  
  14  0:18  Supply Depot  
  14  0:24  SCV  
  15  0:39  SCV  
  15  0:41  Barracks  
  16  0:44  Refinery  
  16  0:51  SCV  
  17  1:03  SCV  
  18  1:16  SCV  
  19  1:28  Marine  
  19  1:30  Orbital Command, Supply Depot  
  20  1:45  Factory  
  20  1:55  Barracks Tech Lab  
  20  1:56  SCV  
  21  2:04  Refinery  
  21  2:08  SCV  
  21  2:15  Engineering Bay  
  22  2:20  SCV  
  23  2:33  SCV, Command Center  
  24  2:42  Stimpack  
  24  2:45  SCV  
  24  2:46  Missile Turret  
  25  2:53  Marine  
  26  2:59  Starport  
  26  3:04  SCV  
  27  3:11  Marine, Supply Depot  
  28  3:17  Terran Infantry Weapons Level 1  
  28  3:19  SCV  
  29  3:30  Marine  
  29  3:32  SCV  
  31  3:35  Medivac  
  33  3:44  Refinery, SCV  
  34  3:48  Marine  
  34  4:05  Orbital Command  
  34  4:12  Marine  
  35  4:18  Medivac  
  35  4:21  Supply Depot  
  37  4:25  SCV  
  37  4:27  Barracks  
  37  4:29  Barracks  
  37  4:30  Marine  
  39  4:31  SCV  
  39  4:37  SCV  
  41  4:43  SCV  
  41  4:44  Supply Depot  
  42  4:46  Factory Tech Lab  
  42  4:48  Marine  
  42  4:49  Combat Shield, SCV  
  44  4:55  SCV  
  44  4:57  Medivac  
  47  5:05  Armory  
  47  5:07  SCV  
  47  5:09  SCV  
  47  5:12  Terran Infantry Armor Level 1  
  49  5:16  Barracks Reactor  
  49  5:17  Barracks Reactor  
  49  5:19  Barracks  
  49  5:25  Barracks  
  49  5:31  Medivac  
  51  5:37  Marauder  
  53  5:54  SCV x2  
  55  5:58  Marauder  
  55  5:59  Marine x2  
  55  6:00  Marine x2  
  61  6:06  SCV x2  
  63  6:17  Marine x3  
  63  6:18  Marine, SCV  
  50  6:50  Marine x3  
  50  6:51  Marine x3  
  53  7:00  SCV  
  53  7:01  SCV  
  53  7:08  Terran Infantry Weapons Level 2, Marine x4  
  53  7:09  Terran Vehicle Weapons Level 1, Marine x2  
  53  7:11  Barracks Tech Lab  
  53  7:13  SCV x2  
  61  7:19  Barracks  
  61  7:21  Ghost Academy  
  61  7:24  Concussive Shells  
  61  7:25  SCV x2  
  61  7:26  Marine x2  
  61  7:27  Medivac, Marauder  
  69  7:34  Barracks Tech Lab  
  69  7:37  SCV  
  70  7:47  SCV  
  70  7:48  Supply Depot  
  70  7:49  Supply Depot, SCV  
  72  7:54  Ghost  
  72  7:55  Ghost  
  72  7:56  Marine x2  
  78  8:06  Refinery  
  78  8:09  Medivac, Marine x2, SCV x2  
  84  8:17  Command Center  
  84  8:20  Marine x2  
  84  8:21  SCV  
  88  8:31  Barracks Reactor  
  87  8:35  Supply Depot  
  87  8:36  Supply Depot  
  87  8:38  Supply Depot  
  86  9:28  Marauder, Marine x3  
  86  9:29  Marauder, Marine x3  
  96  9:35  Orbital Command  
  96  9:41  Starport Reactor  
  96  9:46  Marine x3  
  96  9:49  Terran Infantry Weapons Level 3  
  96  9:50  Marauder x2  
  103  10:11  Marauder x2  
  107  10:15  Marine  
  107  10:16  Marine x4  
  112  10:22  Orbital Command  
  112  10:31  Medivac  
  112  10:32  Medivac  
  112  10:33  Marauder x2  
  120  10:50  Refinery  
  120  10:53  Marine x3, Ghost x2  
  120  10:54  Refinery  
  120  10:56  Marine  
  128  10:57  Marine  
  128  11:01  Medivac  
  128  11:02  Medivac  
  133  11:22  Ghost  
  133  11:24  Marine, SCV  
  133  11:25  SCV  
  103  11:51  Marauder, Marine x3  
  103  11:52  Marauder, Marine x3  
  112  12:09  Marine x5  
  112  12:10  Marine  
  112  12:13  Marauder x2  
  122  12:27  Marine x4  
  126  12:32  Marine x2  
  126  12:34  Marauder  
  126  12:35  Marauder  
  132  12:42  Barracks  
  132  12:43  Barracks  
  132  12:44  Marine  
  132  12:46  Barracks  
  133  12:53  Marine x5  
  133  12:56  Marauder  
  140  13:02  Supply Depot  
  140  13:03  Supply Depot x2  
  140  13:04  Marine  
  140  13:05  Supply Depot  
  141  13:23  Medivac x2, Marine x2  
  141  13:24  Marauder, Marine x4, Ghost  
  141  13:25  Marauder  
  141  13:26  Supply Depot  
  157  13:27  Supply Depot  
  156  13:44  Ghost  
  156  13:46  Marauder  
  160  13:52  Ghost  
  161  14:07  Marauder  
  163  14:14  Marauder  
  108  14:27  Marauder, Marine x3  
  108  14:28  Marine x3  
  108  14:29  Marauder  
  108  14:30  Medivac x2  
  122  14:34  Marine  
  102  14:45  Marine x5  
  101  14:46  Marine  
  101  14:49  Marauder, Marine  
  101  14:52  Marine  
  110  15:00  Medivac x2  
  110  15:03  Marine x6  
  120  15:08  Marauder  
  120  15:10  Marauder, Marine  
  121  15:30  Medivac  
  114  15:55  Marine  
  114  15:56  Marauder x2, Marine x5  
  114  15:57  Marauder  
  124  16:02  SCV  
  125  16:13  Marine x2  
  125  16:14  Terran Infantry Armor Level 2, Marine  
  125  16:17  Marauder x2  
  125  16:18  Marauder  
  134  16:39  Marauder  
  127  17:03  Marauder x2, Marine x7  
  138  17:20  Marine  
  138  17:21  Marine  
  138  17:22  Marauder  
  142  17:24  Marauder, Command Center  
  142  17:25  Marauder  
  145  17:43  Marauder  
  147  17:45  Ghost x2  
  126  18:07  Marauder, Marine x2  
  126  18:08  Marine x4  
  127  18:14  Marauder x2  
  113  18:25  Marine x4  
  113  18:26  Marine x2  
  100  18:29  Marauder  
  101  18:36  Marauder x2  
  105  18:43  Marine x5  
  105  18:44  Marine  
  110  18:50  Marauder  
  112  18:57  Marauder x2  
  112  19:01  Marine  
  112  19:02  Command Center  
  117  19:22  Command Center  
  117  19:35  Marine x3  
  117  19:36  Marauder x2  
  124  20:01  Terran Infantry Armor Level 3  
  124  20:13  Orbital Command  
  124  20:15  Refinery  
  123  20:59  Marine x4  
  123  21:00  Marauder x2, Marine x3  
  123  21:03  Barracks Reactor  
  132  21:17  Marine x6  
  140  21:18  Marauder  
  140  21:22  Marauder x2  
  144  21:35  Marine  
  147  21:40  Marauder  
  147  21:43  Marauder x2  
  151  21:47  Orbital Command  
  141  22:21  Marauder, Marine x4  
  141  22:22  Marauder x2  
  151  22:25  Barracks Tech Lab x2  
  151  22:27  Marine x4  
  151  22:42  Marauder  
  151  22:43  Marauder  
  148  22:51  SCV  
  148  22:52  SCV x3  
  152  23:04  SCV x4  
  151  23:19  Marauder x2, Marine x3  
  116  24:16  Marine x2  
  116  24:17  Marauder x2, Marine x4  
  122  24:18  Marauder x3, Marine x2  
  130  24:34  Marine x2  
  130  24:38  Marauder x2  
  134  24:39  Marauder  
  117  24:48  Orbital Command  
  117  24:50  SCV  
  117  24:51  SCV  
  88  25:03  SCV x2  
  90  25:10  Orbital Command  
  90  25:45  Marine x3  
  90  25:46  Marine x3  
  90  25:47  Marine  
  97  26:07  SCV x4  
  101  26:19  SCV x4  
  105  26:31  SCV  
  106  26:40  Marauder x3, Marine x3  
  106  26:41  Marauder, Marine x6  
  123  26:58  Marine x4  
  123  26:59  Marine  
Show
View Real Time Build Order
Export as new Build Order

OpuS Protoss 

Build Orders:  

Get SALT Encoding   

  12  0:02  Probe  
  13  0:14  Probe  
  13  0:20  Pylon  
  14  0:26  Probe  
  15  0:40  Gateway  
  15  0:41  Probe  
  15  0:49  Probe, Assimilator  
  17  0:59  Probe  
  18  1:11  Probe  
  19  1:23  Probe  
  20  1:33  Cybernetics Core  
  20  1:35  Probe  
  21  1:47  Probe  
  21  1:54  Forge  
  21  1:59  Probe  
  21  2:01  Pylon  
  21  2:07  Probe  
  23  2:17  Probe  
  23  2:20  Robotics Facility  
  23  2:27  Warp Gate  
  23  2:29  Assimilator  
  23  2:39  Photon Cannon  
  23  2:53  Nexus  
  23  2:55  Pylon  
  23  3:10  Immortal  
  27  3:23  Gateway  
  27  3:38  Immortal  
  27  3:42  Gateway  
  27  3:47  Pylon  
  31  4:11  Probe x2  
  33  4:19  Stalker x2  
  37  4:29  Probe x2  
  40  4:31  Observer  
  37  4:42  Stalker  
  37  4:43  Stalker  
  41  4:48  Stalker  
  41  4:50  Probe  
  45  4:52  Probe  
  45  5:08  Probe x2  
  47  5:20  Probe x2  
  49  5:24  Pylon  
  49  5:25  Stalker  
  49  5:27  Stalker  
  53  5:32  Probe  
  54  5:51  Immortal  
  54  5:52  Probe x2  
  61  6:04  Probe x2  
  62  6:17  Probe x2  
  62  6:18  Stalker x3  
  68  6:29  Probe  
  65  6:45  Stalker x2  
  65  6:46  Probe  
  70  6:50  Assimilator  
  70  6:52  Probe  
  67  6:54  Assimilator  
  67  6:58  Probe  
  62  7:04  Nexus, Probe  
  61  7:11  Probe  
  62  7:16  Probe  
  62  7:17  Photon Cannon  
  63  7:23  Gateway  
  63  7:25  Gateway  
  63  7:27  Gateway  
  63  7:28  Immortal  
  66  7:51  Adept x2  
  70  8:00  Pylon  
  70  8:05  Pylon  
  70  8:08  Pylon, Robotics Bay  
  70  8:11  Pylon, Gateway  
  70  8:12  Gateway  
  70  8:15  Pylon  
  70  8:22  Adept x4  
  70  8:23  Adept  
  70  8:24  Adept  
  82  8:34  Probe x2  
  82  8:35  Probe  
  82  8:39  Photon Cannon  
  85  8:46  Probe  
  85  8:47  Gateway  
  86  8:49  Gateway  
  76  9:16  Adept x3  
  76  9:17  Adept x5  
  76  9:23  Extended Thermal Lance  
  76  9:29  Colossus  
  76  9:33  Protoss Ground Weapons Level 1  
  76  9:34  Probe x3  
  85  9:52  Photon Cannon  
  85  9:56  Photon Cannon  
  85  10:06  Stalker x3  
  91  10:13  Colossus  
  91  10:15  Robotics Facility  
  97  10:30  Assimilator  
  97  10:33  Assimilator  
  97  10:34  Forge  
  97  10:36  Forge  
  97  11:04  Stalker  
  97  11:05  Stalker x4  
  97  11:06  Stalker x4  
  97  11:07  Stalker  
  99  11:38  Protoss Shields Level 1, Protoss Ground Armor Level 1  
  77  11:52  Twilight Council  
  77  11:54  Disruptor x2  
  77  11:55  Gateway  
  77  11:57  Gateway  
  77  12:00  Gateway  
  77  12:02  Gateway  
  83  12:30  Disruptor x2  
  83  12:33  Charge  
  83  12:35  Nexus  
  89  12:44  Robotics Facility  
  89  12:50  Probe x3  
  92  13:01  Dark Shrine  
  92  13:02  Probe x3  
  95  13:06  Disruptor x2  
  101  13:16  Probe x3  
  104  13:25  Pylon  
  104  13:28  Probe x3  
  104  13:30  Pylon  
  107  13:34  Pylon  
  107  13:37  Protoss Ground Weapons Level 2, Protoss Ground Armor Level 2  
  107  13:41  Protoss Shields Level 2, Disruptor x2  
  81  14:29  Colossus  
  81  14:30  Colossus x2  
  87  14:46  Zealot x2  
  87  14:47  Zealot x6  
  87  14:48  Zealot x4  
  87  14:49  Zealot x2  
  112  14:53  Probe x2  
  112  14:54  Probe x2  
  116  15:05  Probe  
  116  15:06  Probe x2  
  113  15:12  Zealot x3  
  113  15:13  Zealot x5  
  113  15:14  Zealot x2  
  113  15:19  Assimilator  
  111  15:23  Colossus  
  111  15:24  Assimilator  
  117  15:34  Zealot x6  
  117  15:35  Zealot  
  124  15:52  Colossus  
  124  15:53  Colossus  
  120  16:06  Dark Templar x4  
  128  16:16  Colossus  
  132  16:35  Nexus  
  132  16:38  Pylon  
  128  16:41  Pylon, Zealot  
  128  16:42  Zealot  
  128  16:43  Zealot x6  
  128  16:44  Zealot  
  128  16:46  Protoss Ground Weapons Level 3  
  144  16:48  Protoss Ground Armor Level 3  
  144  16:52  Protoss Shields Level 3  
  156  17:26  Dark Templar x2  
  156  17:27  Dark Templar x4  
  156  17:28  Dark Templar  
  97  18:30  Colossus  
  97  18:31  Colossus x2  
  103  18:38  Zealot  
  103  18:39  Zealot x5  
  103  18:40  Zealot x3  
  103  18:41  Zealot x2  
  103  18:42  Zealot x3  
  79  19:12  Dark Templar  
  81  19:18  Probe x2  
  81  19:19  Probe x2  
  85  19:24  Colossus x2  
  97  19:32  Dark Templar x2  
  97  19:33  Dark Templar  
  99  19:51  Colossus  
  101  20:02  Dark Templar x3  
  101  20:03  Dark Templar  
  109  20:15  Assimilator  
  109  20:18  Probe x3  
  109  20:21  Assimilator  
  112  20:57  Colossus x3  
  100  21:51  Colossus x3  
  100  21:53  Nexus  
  114  22:03  Pylon  
  114  22:05  Probe x2  
  114  22:06  Pylon, Probe  
  113  22:29  Robotics Facility  
  113  23:06  Colossus  
  113  23:12  Colossus  
  78  23:43  Colossus  
  72  24:24  Colossus  
  45  24:53  Dark Templar x2  
Show
View Real Time Build Order
Export as new Build Order

Sketchaphone Zerg 

Build Orders: Hatch First 

Get SALT Encoding   

  12  0:06  Drone  
  13  0:14  Overlord  
  13  0:20  Drone  
  14  0:25  Drone, Extractor  
  15  0:36  Drone  
  15  0:39  Drone  
  17  0:59  Hatchery, Drone  
  17  1:02  Extractor  
  17  1:04  Drone  
  17  1:18  Spawning Pool  
  17  1:21  Drone  
  18  1:25  Drone  
  18  1:33  Drone  
  19  1:47  Drone  
  20  2:01  Drone  
  20  2:06  Overlord  
  21  2:09  Metabolic Boost  
  21  2:10  Queen  
  23  2:16  Roach Warren  
  23  2:19  Overlord  
  22  2:23  Zergling x4  
  22  2:27  Zergling x2  
  25  2:33  Zergling x2  
  26  2:39  Queen  
  26  2:40  Drone  
  29  2:44  Drone  
  30  3:03  Queen  
  30  3:04  Overlord, Drone x2  
  34  3:08  Drone  
  35  3:16  Drone  
  35  3:17  Overlord  
  36  3:22  Roach  
  38  3:27  Drone  
  39  3:48  Overlord  
  38  3:55  Drone  
  38  3:57  Roach x3  
  43  4:05  Overlord  
  43  4:06  Roach  
  43  4:07  Roach x3, Drone  
  51  4:26  Hatchery  
  50  4:43  Drone x3  
  52  4:53  Overlord  
  52  4:59  Roach x2  
  56  5:00  Overlord, Drone x2  
  56  5:02  Lair  
  56  5:04  Drone  
  56  5:05  Drone  
  60  5:07  Drone x3  
  60  5:08  Drone  
  64  5:14  Zergling x2  
  64  5:16  Zergling x2  
  64  5:18  Zergling x2  
  64  5:19  Zergling x2  
  67  5:29  Spore Crawler  
  67  5:30  Drone  
  67  5:31  Drone  
  68  5:37  Roach  
  68  5:39  Roach, Drone x2  
  74  5:50  Overlord  
  74  5:52  Zergling x12  
  76  6:15  Overlord, Drone x2  
  63  6:51  Extractor  
  63  6:52  Extractor  
  56  6:56  Evolution Chamber  
  56  6:57  Evolution Chamber  
  54  7:08  Queen  
  56  7:12  Drone x3  
  56  7:14  Overlord x2  
  59  7:16  Roach x4, Extractor  
  59  7:20  Zergling x4  
  59  7:21  Zergling x8  
  72  7:36  Pneumatized Carapace  
  72  7:41  Zerg Missile Weapons Level 1, Hatchery  
  69  7:45  Spore Crawler  
  68  7:59  Overlord x2  
  68  8:08  Overlord, Drone x2  
  68  8:09  Overlord x3  
  68  8:10  Drone  
  68  8:11  Drone x6  
  77  8:15  Zerg Ground Armor Level 1  
  77  8:17  Zergling x2  
  78  8:27  Glial Reconstitution  
  78  8:39  Hydralisk Den  
  75  8:49  Overlord  
  75  8:50  Roach x10  
  75  8:51  Roach x4  
  103  8:57  Drone x2, Extractor x2  
  103  9:12  Grooved Spines  
  103  9:13  Infestation Pit  
  103  9:14  Overlord, Zergling x2  
  103  9:15  Overlord  
  103  9:16  Roach x3  
  103  9:33  Roach x2  
  107  9:45  Roach x3  
  113  9:46  Drone x3  
  113  9:47  Overlord x2  
  113  9:51  Drone x3  
  113  9:52  Drone  
  120  9:55  Queen  
  122  10:00  Pathogen Glands  
  122  10:02  Zerg Missile Weapons Level 2  
  122  10:10  Zerg Ground Armor Level 2  
  122  10:31  Queen  
  122  10:35  Overlord  
  124  10:36  Infestor x2  
  124  10:39  Hydralisk x4  
  136  10:50  Swarm Host x2  
  136  10:51  Swarm Host  
  136  10:53  Zergling x4  
  147  11:11  Hydralisk x5  
  147  11:12  Hydralisk  
  147  11:26  Hydralisk x5  
  106  11:52  Roach  
  106  11:53  Roach x9  
  126  11:59  Hive  
  126  12:00  Burrow  
  126  12:13  Drone  
  127  12:19  Spore Crawler  
  125  12:27  Overlord  
  125  12:29  Infestor x2, Hydralisk  
  129  12:30  Hydralisk x4  
  139  12:40  Drone x6  
  145  13:11  Hydralisk x2  
  145  13:12  Hydralisk  
  151  13:13  Hatchery  
  151  13:14  Viper  
  151  13:16  Overlord  
  151  13:17  Overlord  
  151  13:18  Overlord  
  153  13:28  Tunneling Claws  
  153  13:32  Muscular Augments  
  153  13:34  Zergling x4  
  153  13:35  Overlord x2, Zergling x2  
  106  14:43  Roach  
  106  14:44  Roach x8  
  97  14:54  Roach x7  
  97  14:57  Roach  
  97  14:58  Roach  
  72  15:39  Roach, Hydralisk x9  
  72  15:40  Hydralisk x5  
  87  15:53  Zerg Ground Armor Level 3  
  87  15:54  Zerg Missile Weapons Level 3  
  87  16:03  Queen x2  
  87  16:04  Queen, Ultralisk Cavern  
  90  16:06  Overlord  
  90  16:07  Drone x5  
  97  16:33  Hydralisk x2  
  97  16:34  Hydralisk x3  
  89  17:16  Queen  
  89  17:17  Overlord  
  89  17:19  Ultralisk x2  
  103  17:27  Chitinous Plating  
  102  17:37  Extractor  
  102  17:40  Extractor  
  102  17:42  Roach x2  
  94  18:05  Hydralisk x2  
  94  18:06  Hydralisk  
  98  18:21  Ultralisk  
  78  18:46  Hydralisk x3  
  73  19:26  Drone x2  
  73  19:27  Drone  
  76  19:43  Hatchery  
  75  20:04  Anabolic Synthesis  
  75  20:07  Infestor x3  
  75  20:08  Infestor  
  75  20:12  Drone x2  
  85  20:21  Ultralisk  
  85  20:22  Hatchery  
  62  20:52  Roach  
  62  20:53  Ultralisk  
  62  20:54  Infestor  
  66  21:26  Roach x2, Hydralisk x2  
  66  21:27  Hydralisk  
  75  21:38  Zergling x4  
  71  21:48  Queen  
  72  22:40  Hydralisk x2  
  72  22:41  Hydralisk x8  
  72  22:42  Roach  
  72  22:43  Roach x3  
  80  23:07  Roach x7  
  80  23:12  Overseer  
  85  23:23  Ultralisk  
  85  23:26  Infestor  
  89  23:43  Hydralisk x5  
  95  23:55  Hydralisk  
  91  23:56  Drone  
  92  24:28  Ultralisk  
  92  24:36  Roach x6  
  90  24:40  Adrenal Glands  
  90  24:51  Hatchery  
  62  25:09  Zergling x4  
  58  25:18  Roach  
  58  25:19  Roach x3  
  63  26:07  Drone x2  
  63  26:08  Drone x2  
  67  26:33  Ultralisk x2  
  67  26:34  Hydralisk x3  
  85  27:10  Zergling x24  
  85  27:11  Zergling x2  
  85  27:15  Overseer  
  72  27:18  Spine Crawler  
  72  27:20  Spine Crawler  
Tags
 
Add a new tag
Caveats
  • Supply blocks, unpowered buildings, or Contaminate may cause inaccurate times.
  • Supply counts are checked every 10 seconds.